 Dungeon Crawl Stone Soup version 0.17-a0-1718-g72dbe4d (webtiles) character file.

5737 kae the Fencer (level 10, -7/84 HPs)
             Began as a Minotaur Fighter on Aug 25, 2015.
             Was an Elder of Qazlal.
             Killed by divine providence
             ... invoked by an orc priest
              (15 damage)
             ... on level 9 of the Dungeon.
             The game lasted 00:09:03 (9008 turns).

kae the Fencer (Minotaur Fighter)                   Turns: 9008, Time: 00:09:03

Health: -7/84      AC:  9    Str: 22    XL:     10   Next: 49%
Magic:  0/0        EV:  7    Int:  7    God:    Qazlal [****..]
Gold:   314        SH: 14    Dex: 10    Spells: 0 memorised, 9 levels left

rFire  . . .     SeeInvis .     m - +1 long sword of Nufuw {slice, rElec} (curse)
rCold  . . .     Clarity  .     b - +0 scale mail
rNeg   + + .     SustAt   .     c - +0 shield
rPois  .         Gourm    .     (helmet restricted)
rElec  +         Spirit   .     l - +0 cloak
rCorr  .         Warding  .     (no gloves)
rMut   .         Stasis   .     (no boots)
MR     .....                    (no amulet)
Stlth  ..........               y - ring "Qemmeses" {rN+ MR- MP-9 Slay+5 Stlth-}
                                r - ring of positive energy

@: lethally poisoned (-7 -> -9), repel missiles, not resistant to hostile
enchantments, extremely unstealthy
A: retaliatory headbutt, horns 2
a: Upheaval, Elemental Force, Renounce Religion


You were on level 9 of the Dungeon.
You worshipped Qazlal.
Qazlal was greatly pleased with you.
You were hungry.

You visited 1 branch of the dungeon, and saw 9 of its levels.
You also visited: Ossuary.

You collected 630 gold pieces.
You spent 316 gold pieces at shops.

Inventory:

Hand weapons
 a - a +0 long sword
 m - the cursed +1 long sword of Nufuw (weapon) {slice, rElec}
   (You found it on level 4 of the Dungeon)

   It inflicts extra damage upon your enemies.
   It insulates you from electricity.
   It has a curse placed upon it.
 C - a cursed +3 great sword
Armour
 b - a +0 scale mail (worn)
 c - a +0 shield (worn)
 l - a +0 cloak (worn)
Jewellery
 r - a ring of positive energy (left hand)
 y - the ring "Qemmeses" (right hand) {rN+ MR- MP-9 Slay+5 Stlth-}
   (You found it on level 5 of the Dungeon)

   [ring of loudness]

   It affects your accuracy and damage with ranged weapons and melee attacks
   (+5).
   It protects you from negative energy.
   It affects your resistance to hostile enchantments.
   It affects your magic capacity (-9).
   It makes you less stealthy.
Magical devices
 q - a wand of random effects (46)
 t - a wand of cold (10)
 D - a wand of frost (31)
Scrolls
 j - a scroll of noise
 k - 4 scrolls of remove curse
 n - 8 scrolls of identify
 v - 2 scrolls of enchant weapon
 w - 3 scrolls of enchant armour
 E - 2 scrolls of fog
 H - a scroll of fear {unknown}
 I - a scroll of teleportation
Potions
 d - a potion of might
 f - a potion of brilliance {unknown}
 h - 2 potions of curing
 i - 3 potions of flight
 p - 3 potions of poison
 s - a potion of resistance {unknown}
 x - 2 potions of heal wounds {unknown}
 A - 4 potions of haste {unknown}
 B - 2 potions of agility {unknown}
Books
 G - a book of Beasts

   Spells                             Type                      Level
   a - Summon Butterflies             Summoning                    1
   b - Call Canine Familiar           Summoning                    3
   c - Summon Ice Beast               Ice/Summoning                4
   d - Summon Mana Viper              Hexes/Summoning              5
   e - Summon Hydra                   Summoning                    7
Miscellaneous
 u - a plain deck of changes
Comestibles
 e - 8 bread rations
 g - 3 beef jerkies
 z - a meat ration
 F - a slice of pizza


   Skills:
 + Level 6.4 Fighting
 - Level 16.2 Long Blades
 + Level 6.6 Armour
 - Level 3.6 Shields


You had 9 spell levels left.
You didn't know any spells.

Dungeon Overview and Level Annotations

Branches:
Dungeon (9/15)             Temple (0/1) D:4
   Lair: D:8-11         Orc: D:9-12

Altars:
Cheibriados
Elyvilon
Makhleb
Nemelex Xobeh
Qazlal
Zin
The Shining One

Shops:
D:5 ?}*([


Innate Abilities, Weirdness & Mutations

You reflexively headbutt those who attack you in melee.
You have a pair of horns on your head.


Message History

Drink which item? (? for menu, Esc to quit)
Okay, then.
Drink which item? (? for menu, Esc to quit)
Okay, then.
Evoke which item? (* to show all) (? for menu, Esc to quit)
Zapping:
D - a wand of frost (will waste charges)
Press: ? - help, Shift-Dir - straight line, f - killer bee
Aim: a killer bee (moderately wounded)
The puff of frost hits the killer bee.
The killer bee is almost dead.
Evoking this partially-identified wand wasted a few charges.
The killer bee stings you.
* * * LOW HITPOINT WARNING * * *
You are poisoned.
The killer bee poisons you!
The orc warrior hits you but does no damage.
You block the killer bee's attack.
The orc priest invokes the aid of Beogh against you.
Something smites you!
You die...

...## ... ..#. #)# ..#. #)#
... #. #y# ..# #. #)# #..#
#..#)# .§#.# ##.#)####.§#.#
#..)oooy@..#.# #####
#.....####.#.# #.#.# ###...#
#.#.# #.#.###.#.#...####.#.#
...................#.#######
.....##.#.#...####.........#
........#.#...# ###.####.##
.##..##......># #.# #.#
.##..# ##.#..## #.# #.#


You could see an orc warrior, a killer bee, an orc priest and an orc.

Vanquished Creatures
  A wyvern (D:8)
  A spriggan (D:7)
  5 yaks (D:9)
  A hippogriff (D:7)
  A water moccasin (D:7)
  3 black bears
  6 orc warriors
  3 ice beasts
  4 ogres
  2 centaurs
  4 elf zombies (Ossuary)
  3 giant frogs
  A water moccasin zombie (D:8)
  2 scorpions (D:9)
  13 wights
  8 killer bees
  3 crimson imps
  2 centaur zombies
  2 orc priests
  A jelly (D:6)
  Ijyb (D:2)
  2 hounds
  Jessica (D:2)
  2 gnoll shamans
  6 worker ants
  An iguana (D:6)
  9 orc wizards
  A big kobold zombie (Ossuary)
  A hound skeleton (D:5)
  2 hound zombies
  4 mummies
  13 gnolls
  14 adders
  An adder skeleton (D:4)
  An adder zombie (Ossuary)
  5 worms
  4 giant geckos
  28 orcs
  5 ball pythons
  11 bats
  2 giant cockroaches
  15 goblins
  7 hobgoblins
  17 jackals
  A quokka (D:8)
  2 giant newts
  A gnoll zombie (Ossuary)
  A goblin zombie (Ossuary)
  5 hobgoblin zombies
  2 jackal zombies (Ossuary)
  7 kobolds
  5 kobold zombies
  2 orc zombies (Ossuary)
  9 quokka zombies
  5 rats
  5 rat zombies (Ossuary)
264 creatures vanquished.

Notes
Turn   | Place    | Note
--------------------------------------------------------------
     0 | D:1      | kae the Minotaur Fighter began the quest for the Orb.
     0 | D:1      | Reached XP level 1. HP: 19/19 MP: 0/0
    34 | D:1      | Reached XP level 2. HP: 23/26 MP: 1/1
   502 | D:1      | Reached skill level 4 in Long Blades
   611 | D:2      | Noticed Jessica
   622 | D:2      | Killed Jessica
   622 | D:2      | Reached XP level 3. HP: 16/31 MP: 2/2
   717 | D:2      | Reached skill level 5 in Long Blades
   782 | D:2      | Reached XP level 4. HP: 15/39 MP: 3/3
  1432 | D:2      | Reached skill level 6 in Long Blades
  1501 | D:2      | Found a glowing golden altar of the Shining One.
  1501 | D:2      | Found a glowing silver altar of Zin.
  1501 | D:2      | Found a white marble altar of Elyvilon.
  1576 | D:2      | Noticed Ijyb
  1589 | D:2      | Killed Ijyb
  1589 | D:2      | Reached XP level 5. HP: 40/45 MP: 4/4
  1792 | D:3      | Found a sparkling altar of Nemelex Xobeh.
  1936 | D:3      | Reached skill level 7 in Long Blades
  2351 | D:4      | Noticed an ogre
  2358 | D:4      | Killed an ogre
  2358 | D:4      | Reached XP level 6. HP: 51/51 MP: 5/5
  2407 | D:4      | Reached skill level 8 in Long Blades
  2433 | D:4      | Found a stormy altar of Qazlal.
  2439 | D:4      | Became a worshipper of Qazlal Stormbringer
  2708 | D:4      | Found a sand-covered staircase.
  2717 | Ossuary  | Entered an ossuary
  2848 | Ossuary  | Reached skill level 9 in Long Blades
  2927 | Ossuary  | Reached XP level 7. HP: 49/57 MP: 6/6
  3112 | Ossuary  | Acquired Qazlal's first power
  3192 | Ossuary  | Reached skill level 10 in Long Blades
  3302 | D:4      | Found a staircase to the Ecumenical Temple.
  3309 | D:4      | Got a shimmering long sword
  3310 | D:4      | Identified the cursed +1 long sword of Nufuw {slice, rElec} (You found it on level 4 of the Dungeon)
  3770 | D:5      | Entered Level 5 of the Dungeon
  3781 | D:5      | Reached skill level 11 in Long Blades
  3871 | D:5      | Reached XP level 8. HP: 64/64 MP: 7/7
  4090 | D:5      | Found Jased's Armour Boutique.
  4140 | D:5      | Found Ruudojy's General Store.
  4150 | D:5      | Bought a potion of curing for 30 gold pieces
  4150 | D:5      | Bought a potion of poison for 10 gold pieces
  4254 | D:5      | Acquired Qazlal's second power
  4257 | D:5      | Found Inureket's Magic Scroll Shoppe.
  4260 | D:5      | Bought a scroll of identify for 24 gold pieces
  4260 | D:5      | Bought a scroll of identify for 24 gold pieces
  4260 | D:5      | Bought a scroll of identify for 24 gold pieces
  4260 | D:5      | Bought a scroll of identify for 24 gold pieces
  4260 | D:5      | Bought a scroll of enchant weapon for 90 gold pieces
  4260 | D:5      | Bought a scroll of enchant armour for 90 gold pieces
  4331 | D:5      | Got a bound copper ring
  4411 | D:5      | Found Dunuazio's Weapon Emporium.
  4442 | D:5      | Found Orof's Gadget Shop.
  4796 | D:5      | Found a snail-covered altar of Cheibriados.
  4911 | D:5      | Reached skill level 12 in Long Blades
  5254 | D:6      | Reached skill level 13 in Long Blades
  5510 | D:6      | Found a burning altar of Makhleb.
  5510 | D:6      | Noticed a green death
  5519 | D:6      | Noticed a smoke demon
  5539 | D:6      | Reached XP level 9. HP: 70/70 MP: 8/8
  6019 | D:6      | Acquired Qazlal's third power
  6024 | D:6      | Reached skill level 14 in Long Blades
  6804 | D:7      | Reached skill level 15 in Long Blades
  7225 | D:8      | Identified the ring "Qemmeses" {rN+ MR- MP-9 Slay+5 Stlth-} (You found it on level 5 of the Dungeon)
  8428 | D:8      | Reached skill level 16 in Long Blades
  8444 | D:8      | Reached XP level 10. HP: 40/77 MP: 0/9
  8731 | D:9      | Reached skill level 5 in Fighting
  8731 | D:9      | Reached skill level 5 in Armour
  8976 | D:9      | Acquired Qazlal's fourth power
  9008 | D:9      | Killed from afar by an orc priest

Vault maps used:
D:1:      dpeg_arrival_simpleton_c, serial_bayou_pond_d
D:2:      kennysheep_goblin_castle, good_gods_mini_temple, uniq_jessica
D:3:      nemelex_deck, uniq_iyjb
D:4:      old_standard_altar, minmay_temple_entry_crystal_x, first_bread,
          nicolae_ossuary_entry_giza
D:5:      lemuel_round_altar, serial_shops, shop, kennysheep_mini_moat, shop,
          nicolae_shop_stone, nicolae_shop_waterfront
D:6:      makhleb_altar_promises_db, st_stairs_7
D:7:      the_bakery
D:9:      david_orc_5, minmay_misc_feat_tiny, hangedman_decor_lopped,
          minivault_14
Ossuary:  minmay_ossuary_two_tombs

Action                   |  1- 3 |  4- 6 |  7- 9 | 10-12 || total
-------------------------+-------+-------+-------+-------++-------
Melee: Long sword        |    74 |   223 |   413 |   111 ||   821
Evoke: Wand              |       |       |       |     1 ||     1
  Use: Scroll            |       |     5 |     4 |       ||     9
       Potion            |       |       |       |     1 ||     1
  Eat: Chunk             |       |     6 |    16 |     2 ||    24
       Royal jelly       |       |       |     1 |       ||     1
